 Dungeon Crawl Stone Soup version 0.30.1-11-g7821555f0a (webtiles) character file.

Game seed: 4029955180051349891

224 ChrisAssaf the Firebug (level 5, -8/40 HPs)
             Began as a Draconian Fire Elementalist on Dec 12, 2023.
             Killed from afar by Dowan (16 damage)
             ... with a stone arrow
             ... on level 4 of the Dungeon.
             The game lasted 00:07:34 (2008 turns).

ChrisAssaf the Firebug (DrFE)                       Turns: 2008, Time: 00:07:35

Health: -8/40      AC:  5    Str: 12    XL:     5   Next: 67%
Magic:  9/9        EV: 12    Int: 16    God:
Gold:   101        SH:  0    Dex: 11    Spells: 3/9 levels left

rFire   . . .        p - +5 hand axe
rCold   . . .        (no shield)
rNeg    . . .        (body armour unavailable)
rPois   .            (helmet restricted)
rElec   .            (no cloak)
rCorr   .            (no gloves)
SInv    .            (no boots)
Will    .....        (no amulet)
Stlth   ++           (no ring)
HPRegen 0.26/turn    (no ring)
MPRegen 0.11/turn

%: no passive effects
@: weak-willed
A: AC +5, unfitting armour, cold-blooded
a: no special abilities


You were on level 4 of the Dungeon.
You visited 1 branch of the dungeon, and saw 4 of its levels.

You collected 101 gold pieces.

Inventory:

Hand Weapons
 d - a +2 short sword of speed
 p - a +5 hand axe (weapon)
Missiles
 h - 2 javelins (quivered)
Wands
 m - a wand of mindburst (9)
 o - a wand of iceblast (3)
Scrolls
 a - a scroll of vulnerability
 e - a scroll of enchant armour
 k - a scroll of enchant weapon
Potions
 b - 4 potions of curing
 c - a potion of ambrosia {unknown}
 f - a potion of flight {unknown}
 i - a potion of heal wounds {unknown}
 j - 2 potions of might {unknown}
 l - a potion of berserk rage {unknown}


   Skills:
 * Level 1.6 Fighting
 * Level 1.1 Short Blades
 * Level 0.8 Axes
 * Level 0.7 Throwing
 * Level 2.2 Dodging
 * Level 2.4 Stealth
 * Level 2.9 Spellcasting
 * Level 1.5 Conjurations
 * Level 0.8 Hexes
 * Level 4.0 Fire Magic
 * Level 0.8 Evocations


You had 3 spell levels left.
You knew the following spells:

 Your Spells              Type           Power      Damage    Failure   Level
a - Foxfire               Conj/Fire      44%        2x1d6     6%          1
b - Scorch                Fire           30%        2d6       5%          2
c - Inner Flame           Hex/Fire       10%        N/A       21%         3

Your spell library contained the following spells:

 Spells                   Type           Power      Damage    Failure   Level
 Volatile Blastmotes      Fire/Tloc      16%        2d11      24%         3
 Summon Guardian Golem    Hex/Summ       3%         N/A       43%         3
 Flame Wave               Conj/Fire      11%        2d6       52%         4
 Orb of Destruction       Conj           3%         9d5       100%        7
 Spellforged Servitor     Conj/Summ      2%         N/A       100%        7


Dungeon Overview and Level Annotations

Branches:
Dungeon (4/15)
 Temple: D:4-7

Altars:
Dithmenos
Elyvilon

Shops:
D:3 ([

Annotations:
D:1 2 transporters
D:4 Dowan, Grinder


Innate Abilities, Weirdness & Mutations

Your plain brown scales are hard. (AC +5)
You cannot fit into any form of body armour.
You are cold-blooded and may be slowed by cold attacks.


Message History

Duvessa's mind is blasted!
Duvessa hits you with a +0 rapier.
Unknown command.
You hit Duvessa.
Your tail-slap misses Duvessa.
Duvessa is severely wounded.
You hit Duvessa but do no damage.
Duvessa is severely wounded.
Grinder comes into view.
Dowan casts a spell at you. The puff of flame hits you!
Duvessa hits you with a +0 rapier!
Unknown command.
Aiming: Mindburst
Press: ? - help, Shift-Dir - straight line, f/p - Duvessa
Aim: Duvessa, wielding a +0 rapier and wearing a +0 leather armour (severely wounded, weak-willed, chance to affect: 66%) Duvessa's mind is blasted!
You blow up Duvessa!
Dowan screams, "No!
Oh no!"
Dowan seems to find hidden reserves of power!
Dowan drinks a potion.
Dowan flickers and vanishes!
Deactivating autopickup; reactivate with Ctrl-A.
Your Short Blades skill increases to level 1!
Your Fire Magic skill increases to level 4!
You have reached level 5!
Something hits you.
Something unseen opens the door.
A kobold comes into view. It is wielding a +0 dagger.
You hear some strange, mumbled words.
You hear some strange, mumbled words.
Something hits you.
As you read the scroll labelled WORYC VEPNIRI, it crumbles to dust.
The scroll dissolves into smoke.
It was a scroll of fog.
Something hits you. x2
* * * LOW HITPOINT WARNING * * *
As you read the scroll labelled UKKIABEESS, it crumbles to dust.
You hear a loud clanging noise!
It was a scroll of noise.
You hear a shout! x5
Something hits you.
* * * LOW HITPOINT WARNING * * *
You hear some strange, mumbled words.
A stone arrow appears from out of thin air!
The stone arrow hits you!
You die...

#..'.'..#.#
#..#.#..#.#
#K#.##'#.##+#.#
.......).......#
##+#.##+#.##+#.#
# #§# #.# #§#
###.####5#
......§@{§§...#
###############
# # ### ###..
#.... #..##


You could see Grinder.

Vanquished Creatures
  Duvessa (D:4)
  An orc priest (D:4)
  A hound (D:4)
  An adder (D:2)
  2 dart slugs
  4 orcs
  3 bats
  7 endoplasms
  A goblin (D:3)
  6 hobgoblins
  4 jackals (D:3)
  A ball python (D:1)
  2 frilled lizards
  5 kobolds
  4 rats
43 creatures vanquished.

Vanquished Creatures (others)
  31 foxfires
31 creatures vanquished.

Grand Total: 74 creatures vanquished

Notes
Turn   | Place    | Note
-------+----------+-------------------------------------------
     0 | D:1      | ChrisAssaf the Draconian Fire Elementalist began the quest
                  | for the Orb.
     0 | D:1      | Reached XP level 1. HP: 14/14 MP: 3/3
   144 | D:1      | Reached XP level 2. HP: 14/22 MP: 1/5
   147 | D:1      | Learned a level 2 spell: Scorch
   524 | D:2      | Reached XP level 3. HP: 27/27 MP: 0/6
   537 | D:2      | Reached skill level 1 in Fighting
   662 | D:3      | Learned a level 3 spell: Inner Flame
   704 | D:3      | Found Ysik's Weapon Shop.
   924 | D:3      | Found Ceics's Armour Shop.
  1050 | D:3      | Found a white marble altar of Elyvilon.
  1050 | D:3      | Found a shadowy altar of Dithmenos.
  1455 | D:4      | Reached XP level 4. HP: 33/35 MP: 3/7
  1993 | D:4      | Noticed Duvessa
  1996 | D:4      | Noticed Dowan
  1999 | D:4      | Noticed Grinder
  2000 | D:4      | Killed Duvessa
  2001 | D:4      | Reached skill level 1 in Short Blades
  2001 | D:4      | Reached skill level 4 in Fire Magic
  2001 | D:4      | Reached XP level 5. HP: 18/40 MP: 9/9
  2008 | D:4      | Killed from afar by Dowan

Illustrated notes

Levels and vault maps discovered:
D:1:      spicycebolla_arrival_transporter_tutorial, layout_loops_ring,
          skrybe_limestone_x
D:2:      minmay_inner_zag, layout_loops_ring, minmay_misc_feat_encased,
          eino_tiny_chamber, minmay_hedge_maze, st_stairs_13
D:3:      layout_basic, gammafunk_temple_overflow_wave, serial_shops, shop, shop
D:4:      minmay_door_path, layout_layer_cave, uniq_natasha, uniq_duvessa,
          uniq_grinder, uniq_eustachio

Skill      XL: |  1  2  3  4 |
---------------+-------------+-----
Stealth        | 2 |  2.4
Fighting       | 1 |  1.6
Dodging        | 2 |  2.2
Short Blades   | 1 |  1.1
Fire Magic     | 4 |  4.0
Axes           | |  0.8
Throwing       | |  0.7
Spellcasting   | |  2.9
Conjurations   | |  1.5
Hexes          | |  0.8
Evocations     | |  0.8

Action                     |  1- 3 |  4- 6 || total
---------------------------+-------+-------++-------
  Melee: Unarmed           |     1 |       ||     1
         Short sword       |    16 |     2 ||    18
         Tailslap          |     2 |     1 ||     3
         Hand axe          |       |    12 ||    12
  Throw: Javelin           |     6 |     8 ||    14
   Cast: Foxfire           |    20 |     1 ||    21
         Scorch            |    16 |     5 ||    21
         Inner Flame       |       |     1 ||     1
  Evoke: Wand              |       |     3 ||     3
    Use: Potion            |     1 |       ||     1
         Scroll            |     4 |     4 ||     8
 Armour: Skin              |    23 |     7 ||    30
  Dodge: Dodged            |    37 |    10 ||    47
